 Dungeon Crawl Stone Soup version 0.31-a0-202-g547052bce9 (webtiles) character file.

Game seed: 2664625434150686894

212 qw the Skirmisher (level 5, -2/29 HPs)
             Began as a Deep Elf Hunter on June 26, 2023.
             Slain by an ogre
             ... wielding a +0 giant club
              (26 damage)
             ... on level 4 of the Dungeon.
             The game lasted 00:00:59 (2733 turns).

qw the Skirmisher (Deep Elf Hunter)                 Turns: 2733, Time: 00:01:00

Health: -2/29      AC:  5    Str: 10    XL:     5   Next: 58%
Magic:  7/7        EV: 17    Int: 14    God:
Gold:   194        SH:  0    Dex: 24    Spells: 4/4 levels left

rFire   . . .        h - +0 shortbow
rCold   . . .        (shield currently unavailable)
rNeg    . . .        d - +0 ring mail
rPois   .            (no helmet)
rElec   .            (no cloak)
rCorr   .            (no gloves)
SInv    .            (no boots)
Will    .....        (no amulet)
Stlth   ++           e - +6 ring of dexterity
HPRegen 0.24/turn    o - +5 ring of evasion
MPRegen 0.10/turn

%: no passive effects
@: no status effects
A: no striking features
a: no special abilities


You were on level 4 of the Dungeon.
You visited 1 branch of the dungeon, and saw 4 of its levels.

You collected 194 gold pieces.


   Skills:
 - Level 1.5 Fighting
 + Level 8.7 Ranged Weapons
 - Level 3.3 Dodging
 - Level 1.2 Stealth


You had 4 spell levels left.
You didn't know any spells.
Your spell library was empty.

Inventory:

Hand Weapons
 h - a +0 shortbow (weapon)
Armour
 d - a +0 ring mail (worn)
Jewellery
 e - a +6 ring of dexterity (left hand)
 o - a +5 ring of evasion (right hand)
Scrolls
 g - a scroll of poison {unknown}
 l - a scroll of identify
Potions
 a - 2 potions of haste {unknown}
 b - a potion of resistance
 c - a potion of curing {unknown}
 f - a potion of mutation {unknown}
 j - a potion of might {unknown}
 k - a potion of experience {unknown}
 m - a potion of heal wounds {unknown}

Dungeon Overview and Level Annotations

Branches:
Dungeon (4/15)
 Temple: D:4-7

Altars:
Fedhas
Gozag

Shops:
D:1 =

Annotations:
D:4 3 runed translucent doors, qw's ghost, amateur DEHu


Message History

You shoot an arrow. The kobold shouts!
The goblin shouts!
The arrow hits the goblin.
The goblin is severely wounded.
The goblin hits you with a +0 club.
You shoot an arrow. The arrow misses the goblin.
The goblin hits you but does no damage. The goblin barely misses you.
You shoot an arrow. The arrow hits the goblin.
You kill the goblin!
The goblin hits you with a +0 club.
You shoot an arrow. The arrow barely misses the goblin.
The arrow hits the ogre!
The ogre is moderately wounded.
The goblin completely misses you. The goblin closely misses you.
You shoot an arrow.
The arrow hits the goblin but does no damage.
The goblin barely misses you. The goblin hits you but does no damage.
You shoot an arrow. The arrow misses the goblin.
The arrow hits the ogre!
The ogre is severely wounded.
The goblin closely misses you. The goblin misses you.
You shoot an arrow. The arrow hits the goblin!
You kill the goblin!
The goblin misses you.
You shoot an arrow. The arrow closely misses the goblin.
The arrow hits the goblin.
You kill the goblin!
The goblin hits you with a +0 club. The goblin barely misses you.
You shoot an arrow. The arrow barely misses the goblin.
The goblin closely misses you. The goblin hits you with a +0 club.
You shoot an arrow. The arrow hits the goblin!
You kill the goblin!
The goblin barely misses you. The ogre barely misses you.
The goblin hits you but does no damage.
You shoot an arrow. The arrow barely misses the ogre.
The goblin closely misses you.
You shoot an arrow.
The arrow hits the ogre but does no damage.
The ogre is severely wounded.
The ogre hits you with a +0 giant club!!
Ouch! That really hurt!
You die...

#...##.....##... #...#P.#.#KK#...
#...#}.#.#KK#... #...#KK#K#KK#...
#...##KKK..##... ####
#....##+++##....
#..)###...............
#..gOg#........####...
#@.......### #... #####
####........# #...
#####.#.####...........######...
##.#.#...#.#.#...#.#....#...#####
.#...........#.#.#......#........
..%##.....##.......##...#..>.....
............)..#........######...
....#.###.#....#....#.###.#..#...
...............#.............#...


You could see an ogre, 2 goblins and 2 kobolds.

Vanquished Creatures
  2 iguanas (D:4)
  An orc wizard (D:4)
  7 adders
  A worm (D:1)
  2 dart slugs
  4 orcs (D:4)
  8 endoplasms
  4 giant cockroaches
  8 goblins (D:4)
  3 hobgoblins
  4 quokkas
  3 ball pythons
  4 bats
  6 frilled lizards
  2 kobolds
  3 rats
62 creatures vanquished.

Notes
Turn   | Place    | Note
-------+----------+-------------------------------------------
     0 | D:1      | qw the Deep Elf Hunter began the quest for the Orb.
     0 | D:1      | Reached XP level 1. HP: 12/12 MP: 3/3
     0 | D:1      | 0 ||| qw: Version: 0.3-a-22-g0ed2b0b
     0 | D:1      | 0 ||| qw: Game counter: 6209
     0 | D:1      | 0 ||| qw: Melee chars always use a shield: true
     0 | D:1      | 0 ||| qw: God list: Okawaru
     0 | D:1      | 0 ||| qw: Allow faded altars: false
     0 | D:1      | 0 ||| qw: Do Orc after clearing Dungeon:15 true
     0 | D:1      | 0 ||| qw: Do second Lair branch before Depths: true
     0 | D:1      | 0 ||| qw: Lair rune preference: random
     0 | D:1      | 0 ||| qw: Goals: Normal
     0 | D:1      | 0 ||| PLANNING D:1-11
    90 | D:1      | Found Tiom's Jewellery Emporium.
   156 | D:1      | 156 ||| SHOPLISTING +4 ring of slaying (1014 gold, have
                  | 44).
   156 | D:1      | 156 ||| SHOPLISTING ring of Mialoupla {Str+2 SInv} (340
                  | gold, have 44).
   156 | D:1      | 156 ||| SHOPLISTING ring of fire (325 gold, have 44).
   156 | D:1      | 156 ||| SHOPLISTING ring of protection from cold (325 gold,
                  | have 44).
   156 | D:1      | 156 ||| SHOPLISTING ring of see invisible (195 gold, have
                  | 44).
   156 | D:1      | 156 ||| SHOPLISTING ring of willpower (325 gold, have 44).
   262 | D:1      | Reached XP level 2. HP: 16/16 MP: 4/4
   432 | D:1      | Reached skill level 6 in Ranged Weapons
   584 | D:1      | 584 ||| UPGRADING to +0 ring mail.
   594 | D:1      | 594 ||| DROPPING +0 leather armour.
   595 | D:1      | 595 ||| READING 2 scrolls labelled BUAMNO RISOS.
   596 | D:1      | 596 ||| READING scroll labelled GIYF DURREWUM.
   597 | D:1      | 597 ||| READING scroll labelled HUIZXUPIRI.
   598 | D:1      | 598 ||| READING scroll labelled ROUTIY ZIXKAN.
   599 | D:1      | 599 ||| READING scroll labelled HIT ENAOCK.
   600 | D:1      | 600 ||| DROPPING scroll of vulnerability.
   601 | D:1      | 601 ||| DROPPING scroll of butterflies.
   624 | D:2      | 624 ||| FLEEEEING.
   625 | D:2      | 625 ||| STAIRDANCE
   651 | D:2      | 651 ||| STAIRDANCE
   655 | D:1      | Reached XP level 3. HP: 9/20 MP: 5/5
   838 | D:2      | 838 ||| READING scroll labelled HOUTECRUEFF.
  1145 | D:2      | Reached skill level 7 in Ranged Weapons
  1190 | D:2      | You fall into a shaft and drop 1 floor!
  1482 | D:3      | Identified the +5 spear of Tuchaeteirch {freeze, rPois rF+
                  | Dex+3 SInv}
  1536 | D:3      | 1536 ||| UPGRADING to ring of poison resistance.
  1537 | D:3      | 1537 ||| UPGRADING to +5 ring of evasion.
  1538 | D:3      | 1538 ||| READING 2 scrolls labelled LUNYGO MIDDO.
  1639 | D:3      | 1639 ||| READING scroll labelled TOKAJU LATUI.
  1640 | D:3      | 1640 ||| READING scroll labelled ZIDDET HUFIEQ.
  1641 | D:3      | 1641 ||| DRINKING 2 brown potions.
  1642 | D:3      | 1642 ||| DRINKING 2 golden potions.
  1643 | D:3      | 1643 ||| DROPPING scroll of silence.
  1644 | D:3      | 1644 ||| DROPPING potion of attraction.
  1819 | D:2      | 1819 ||| READING scroll labelled HIZXITW CUERCHO.
  1950 | D:3      | Reached XP level 4. HP: 25/25 MP: 6/6
  2148 | D:3      | 2148 ||| UPGRADING to +6 ring of dexterity.
  2150 | D:3      | 2150 ||| DROPPING ring of ice.
  2151 | D:3      | 2151 ||| DROPPING ring of poison resistance.
  2256 | D:4      | Found an opulent altar of Gozag.
  2304 | D:4      | Found a runed translucent gate.
  2305 | D:4      | Found a runed translucent gate.
  2305 | D:4      | Noticed qw's ghost (amateur DEHu)
  2307 | D:4      | Found a runed translucent gate.
  2308 | D:4      | Noticed a kobold brigand
  2389 | D:4      | Reached skill level 8 in Ranged Weapons
  2439 | D:4      | Reached XP level 5. HP: 29/29 MP: 7/7
  2535 | D:4      | Reached skill level 3 in Dodging
  2560 | D:4      | Found a blossoming altar of Fedhas.
  2574 | D:4      | HP: 4/29 [iguana (10)]
  2719 | D:4      | Noticed an ogre
  2733 | D:4      | Slain by an ogre

Levels and vault maps discovered:
D:1:      tarquinn_simple_flora_water_f, layout_basic, serial_shops,
          nicolae_shop_temple_entry_statues_fountains, serial_glass,
          glass_columns_a, glass_columns_a
D:2:      layout_basic, kennysheep_generic_room_7
D:3:      layout_basic, chequers_serial_rivers_micro_a, grunt_decor_mini_mirrors
D:4:      nicolae_cairo_tiling_large_dashed, layout_gridville,
          mainiacjoe_overflow_surrounded_room, fedhas_altar_1,
          gammafunk_ghost_nasty_kobolds, minmay_ogre_servants

Skill      XL: |  1  2  3  4  5 |
---------------+----------------+-----
Ranged Weapons | 6 7 8 |  8.7
Dodging        | 3 |  3.3
Fighting       | |  1.5
Stealth        | |  1.2

Action                     |  1- 3 |  4- 6 || total
---------------------------+-------+-------++-------
   Fire: Shortbow          |    99 |    88 ||   187
    Use: Scroll            |    10 |       ||    10
         Potion            |     2 |       ||     2
 Armour: Leather armour    |     5 |       ||     5
         Ring mail         |    11 |     6 ||    17
  Dodge: Dodged            |    25 |    28 ||    53

Table legend:
 A = Non-vault XP
 B = Vault XP
 C = Vault XP percentage of total XP
 D = Non-vault monster count
 E = Vault monster count
 F = Vault count percentage of total count
                 A         B        C        D         E       F
            +---------+---------+-------+---------+---------+-------
      Total |     290 |      14 |   4.6 |      55 |       7 |  11.3
            +---------+---------+-------+---------+---------+-------
        D:1 |      28 |       0 |   0.0 |      15 |       0 |   0.0
        D:2 |      35 |       2 |   5.4 |       7 |       1 |  12.5
        D:3 |      43 |       0 |   0.0 |      13 |       0 |   0.0
        D:4 |     184 |      12 |   6.1 |      20 |       6 |  23.1
            +---------+---------+-------+---------+---------+-------
